 Dungeon Crawl Stone Soup version 0.31-a0-1042-ga9834b393d (webtiles) character file.

Game seed: 9401292860722025247

218 Dirtsage the Sneak (level 5, -6/35 HPs)
             Began as a Vampire Necromancer on Nov 19, 2023.
             Was an Initiate of Kikubaaqudgha.
             Mangled by a mummy (12 damage)
             ... in an ossuary.
             The game lasted 00:12:49 (3653 turns).

Dirtsage the Sneak (Vampire Necromancer)            Turns: 3653, Time: 00:12:50

Health: -6/35      AC:  5    Str:  7    XL:     5   Next: 63%
Magic:  5/9        EV: 12    Int: 26    God:    Kikubaaqudgha [......]
Gold:   91         SH:  0    Dex: 14    Spells: 2/10 levels left

rFire   . . .        m - staff of death
rCold   . . .        (no shield)
rNeg    + . .        a - +0 robe
rPois   .            (no helmet)
rElec   .            (no cloak)
rCorr   .            (no gloves)
SInv    +            u - +2 pair of boots
Will    .....        (no amulet)
Stlth   +++          p - +6 ring of intelligence
HPRegen 0.45/turn    (no ring)
MPRegen 0.11/turn

%: no passive effects
@: marked, animating dead, healing quickly
A: alive, fangs 3, see invisible, vampiric 2
a: Exsanguinate, Renounce Religion


You were in an ossuary.
You worshipped Kikubaaqudgha.
Kikubaaqudgha was noncommittal.
You visited 2 branches of the dungeon, and saw 5 of its levels.
You also visited: Ossuary.

You collected 117 gold pieces.
You spent 26 gold pieces at shops.

Inventory:

Hand Weapons
 g - a +0 dagger
Armour
 a - a +0 robe (worn)
 j - a +0 buckler
 u - a +2 pair of boots (worn)
Magical Staves
 m - a staff of death (weapon)
Jewellery
 p - a +6 ring of intelligence (left hand)
Wands
 r - a wand of paralysis (4)
Scrolls
 c - 2 scrolls of enchant armour {unknown}
 e - 3 scrolls of amnesia {unknown}
 i - 5 scrolls of identify
 k - a scroll of fog {unknown}
 o - a scroll of enchant weapon {unknown}
 q - a scroll of summoning {unknown}
 s - a scroll of teleportation {unknown}
 t - a scroll of immolation {unknown}
Potions
 b - a potion of magic
 d - 3 potions of heal wounds {unknown}
 f - 4 potions of lignification {unknown}
 h - 2 potions of curing {unknown}
 l - a potion of cancellation {unknown}
 n - a potion of might {unknown}


   Skills:
 - Level 2.1 Dodging
 + Level 5.5 Stealth
 + Level 3.2 Spellcasting
 + Level 2.0 Summonings
 + Level 5.4 Necromancy


You had 2 spell levels left.
You knew the following spells:

 Your Spells              Type           Power      Damage    Failure   Level
a - Necrotise             Necr           100%       1d9       1%          1
x - Vampiric Draining     Necr           49%        2d9       3%          3
A - Animate Dead          Necr           49%        N/A       10%         4

Your spell library contained the following spells:

 Spells                   Type           Power      Damage    Failure   Level
 Sublimation of Blood     Necr           49%        N/A       1%          2
 Kiss of Death            Conj/Necr      100%       2d13      3%          1
 Scorch                   Fire           8%         2d5       14%         2
 Agony                    Necr           49%        N/A       26%         5
 Flame Wave               Conj/Fire      4%         2d5       67%         4
 Summon Cactus Giant      Summ           7%         N/A       99%         6


Dungeon Overview and Level Annotations

Branches:
Dungeon (4/15)             Temple (1/1) D:4         Ossuary (1/1)

Altars:
Ashenzari
Cheibriados
Dithmenos
Fedhas
Gozag
Hepliaklqana
Kikubaaqudgha
Nemelex Xobeh
Okawaru
Ru
Sif Muna
Trog
Uskayaw
Vehumet
Wu Jian
Xom
Yredelemnul

Shops:
D:2 ?


Innate Abilities, Weirdness & Mutations

Your natural rate of healing is accelerated.
You have razor-sharp teeth.
You have supernaturally acute eyesight. (SInv)
You are afflicted with vampirism and can become a bat while bloodless.


Message History

The mummy misses you.
The kobold zombie hits you but does no damage.
The hobgoblin zombie closely misses you.
The human zombie hits you.
You take 4 damage, and have 18/35 hp.
You barely miss the hobgoblin zombie.
The hobgoblin zombie is moderately damaged.
The kobold zombie hits you but does no damage.
The mummy hits you.
The human zombie hits you but does no damage.
The hobgoblin zombie misses you.
You hit the hobgoblin zombie but do no damage.
You bite the hobgoblin zombie.
The hobgoblin zombie is heavily damaged.
The mummy hits you. The kobold zombie barely misses you.
The hobgoblin zombie barely misses you. The human zombie closely misses you.
You take 1 damage, and have 17/35 hp.
You hit the hobgoblin zombie but do no damage.
The hobgoblin zombie is heavily damaged.
The mummy hits you!
* * * LOW HITPOINT WARNING * * *
The mummy barely misses you. The kobold zombie closely misses you.
The hobgoblin zombie hits you but does no damage.
The human zombie barely misses you.
You take 12 damage, and have 5/35 hp.
MASSIVE DAMAGE!!
You hit the hobgoblin zombie.
You bite the hobgoblin zombie, but do no damage.
The hobgoblin zombie is almost destroyed.
The mummy hits you but does no damage. The kobold zombie barely misses you.
The human zombie barely misses you.
The hobgoblin zombie hits you but does no damage.
You hit the hobgoblin zombie.
You destroy the hobgoblin zombie!
Kikubaaqudgha accepts your kill. The mummy barely misses you.
The kobold zombie hits you but does no damage.
The human zombie hits you but does no damage.
The mummy hits you!
You die...
Kikubaaqudgha rasps: "You have failed me!
Welcome... death!"

######################
#......ZM@ZZ.........#
#......ZZMZZ.........#
#........8.Z8........#
#........Z...........#
#...######..######...#
#...# #..# #...# #...#
#..# #...# #...# #..#
#...# #...# .... #...#


You could see 2 mummies, 3 kobold zombies, an orc zombie, an elf zombie and 4
human zombies.

Vanquished Creatures
  An orc warrior (Ossuary)
  An ogre (D:4)
  5 adders
  2 dart slugs
  5 orcs
  3 endoplasms
  2 giant cockroaches
  4 goblins
  6 hobgoblins
  8 jackals
  4 kobolds
  3 quokkas (D:3)
  6 ball pythons
  4 bats
  4 frilled lizards
  7 hobgoblin zombies (Ossuary)
  A jackal zombie (Ossuary)
  9 kobold zombies (Ossuary)
  5 orc zombies (Ossuary)
  2 rats
82 creatures vanquished.

Vanquished Creatures (collateral kills)
  A frilled lizard (D:2)
1 creature vanquished.

Vanquished Creatures (others)
  A steam dragon (Ossuary)
1 creature vanquished.

Grand Total: 84 creatures vanquished

Notes
Turn   | Place    | Note
-------+----------+-------------------------------------------
     0 | D:1      | Dirtsage the Vampire Necromancer began the quest for the
                  | Orb.
     0 | D:1      | Reached XP level 1. HP: 13/13 MP: 3/3
   617 | D:1      | Reached XP level 2. HP: 19/19 MP: 3/5
  1132 | D:2      | Gained mutation: You are afflicted with vampirism and can
                  | become a bat while bloodless. [Vampire growth]
  1132 | D:2      | Reached XP level 3. HP: 11/24 MP: 1/6
  1241 | D:2      | Found Jeuj's Magic Scroll Shop.
  1247 | D:2      | Bought a scroll of identify for 26 gold pieces
  1259 | D:2      | Found an iron altar of Okawaru.
  1264 | D:2      | Learned a level 3 spell: Vampiric Draining
  1614 | D:2      | Reached XP level 4. HP: 30/30 MP: 2/8
  1688 | D:2      | Reached skill level 5 in Necromancy
  1755 | D:2      | Reached skill level 1 in Summonings
  2062 | D:3      | Learned a level 4 spell: Animate Dead
  2305 | D:3      | Found a faded altar of an unknown god.
  2447 | D:3      | Found an ornate altar of the Wu Jian Council.
  2765 | D:3      | Found a basalt altar of Yredelemnul.
  2982 | D:3      | Found a radiant altar of Vehumet.
  3163 | D:4      | Noticed an ogre
  3171 | D:4      | Killed an ogre
  3172 | D:4      | Reached skill level 5 in Stealth
  3172 | D:4      | Reached XP level 5. HP: 12/35 MP: 0/9
  3272 | D:4      | Found a staircase to the Ecumenical Temple.
  3335 | Temple   | Entered the Ecumenical Temple
  3351 | Temple   | Became a worshipper of Kikubaaqudgha
  3421 | D:4      | Found a sand-covered staircase.
  3426 | Ossuary  | Entered an ossuary
  3602 | Ossuary  | Reached * piety under Kikubaaqudgha
  3602 | Ossuary  | Received a gift from Kikubaaqudgha
  3626 | Ossuary  | Noticed an orc warrior
  3626 | Ossuary  | Noticed a steam dragon
  3653 | Ossuary  | Mangled by a mummy

Illustrated notes

Levels and vault maps discovered:
D:1:      lightli_arrival_farm, layout_basic
D:2:      layout_basic, basic_altar, serial_shops, nicolae_shop_hallway_plus,
          minmay_pentomino_q2
D:3:      layout_basic, mainiacjoe_overflow_tiny_flanked, lemuel_round_altar,
          minitemple, dilly_ecumenical_altar_fadedgnrine
D:4:      layout_basic, minmay_temple_entry_glassed_door, enter_ossuary_5
Temple:   eino_temple_rhombus
Ossuary:  ossuary_tomb_1

Skill      XL: |  1  2  3  4 |
---------------+-------------+-----
Stealth        | 4 5 |  5.5
Necromancy     | 5 |  5.4
Summonings     | 2 |  2.0
Spellcasting   | 3 |  3.2
Dodging        | |  2.1

Action                     |  1- 3 |  4- 6 || total
---------------------------+-------+-------++-------
  Melee: Unarmed           |     5 |       ||     5
         Dagger            |    31 |     2 ||    33
         Bite              |     6 |    16 ||    22
         Staff             |       |   131 ||   131
         Punch             |       |     2 ||     2
   Cast: Necrotise         |    45 |    44 ||    89
         Vampiric Draining |     1 |     1 ||     2
         Animate Dead      |       |     2 ||     2
 Invoke: Unearth Wretches  |       |     1 ||     1
   Stab: Paralysed         |       |     1 ||     1
 Armour: Robe              |    34 |   112 ||   146
  Dodge: Dodged            |    26 |   142 ||   168

Table legend: (Time is in decaauts)
 A = Elapsed time spent in this place.
 B = Non-inter-level travel time spent in this place.
 C = Inter-level travel time spent in this place.
 D = Time resting spent in this place.
 E = Time spent auto-exploring this place.
 F = Levels seen in this place.
 G = Mean time per level.
                   A        B        C        D        E       F      G
               +--------+--------+--------+--------+--------+-----+--------+
         Total |   3701 |   3510 |    191 |     27 |   2807 |   6 |  616.8 |
       Dungeon |   3419 |   3258 |    161 |     27 |   2750 |   4 |  854.8 |
        Temple |     32 |      2 |     30 |      0 |      0 |   1 |   32.0 |
       Ossuary |    249 |    249 |      0 |      0 |     57 |   1 |  249.0 |
               +--------+--------+--------+--------+--------+-----+--------+

Top non-repeatable levels by time:
     D:3: 1140 daAuts
     D:1: 1012 daAuts
     D:2: 907 daAuts
     D:4: 359 daAuts
 Ossuary: 249 daAuts
  Temple: 32 daAuts
